Map: King's Cove LE

Players

MarineLorD

  • Race: Terran Terran
  • Spawn Location: 11:00

BratOK (Brat_OK) - Winner!

  • Race: Terran Terran
  • Spawn Location: 5:00

Event: 2019 WCS Summer

VOD

Have the link to the VOD?

Description

Time

  • Played on: July 12, 2019, 9:16 a.m.
  • Length: 20:30

All games in this series

Show
View Real Time Build Order
Export as new Build Order

MarineLorD Terran 

Build Orders:  

Get SALT Encoding   

  12  0:01  SCV  
  13  0:13  SCV  
  14  0:19  Supply Depot  
  14  0:43  Barracks  
  14  0:44  Refinery  
  14  0:48  SCV  
  15  1:02  Barracks  
  15  1:05  SCV  
  16  1:17  SCV  
  17  1:20  Refinery  
  17  1:30  Orbital Command, Reaper  
  18  1:54  Factory  
  18  1:55  Supply Depot  
  18  2:00  SCV  
  19  2:04  Reaper  
  20  2:12  SCV  
  21  2:24  SCV  
  22  2:36  SCV  
  22  2:37  Reaper  
  24  2:40  Hellion  
  26  2:48  SCV  
  27  2:55  Command Center  
  27  3:00  SCV  
  27  3:01  Factory Tech Lab  
  28  3:08  Supply Depot  
  28  3:12  SCV  
  29  3:24  SCV  
  30  3:30  Starport, Cyclone  
  33  3:36  SCV  
  34  3:46  Refinery  
  34  3:49  SCV  
  35  4:01  SCV  
  35  4:02  Cyclone  
  39  4:07  Starport Tech Lab  
  39  4:08  Orbital Command  
  39  4:13  SCV  
  40  4:25  Raven, SCV  
  43  4:34  Siege Tank, SCV  
  43  4:37  SCV  
  48  4:43  Supply Depot  
  48  4:46  SCV  
  48  4:49  SCV  
  50  4:55  Barracks Reactor  
  50  4:58  SCV  
  51  5:01  SCV  
  52  5:08  Siege Tank  
  52  5:10  SCV  
  52  5:12  Command Center  
  52  5:13  SCV  
  56  5:22  SCV  
  56  5:25  SCV  
  54  5:35  SCV  
  52  5:37  SCV  
  52  5:39  Refinery  
  52  5:40  Siege Tank, Raven  
  52  5:41  Marine x2  
  60  5:43  Supply Depot  
  60  5:47  SCV  
  62  5:50  SCV  
  62  5:57  Supply Depot  
  62  5:59  Supply Depot  
  62  6:05  Marine x2, SCV x2  
  66  6:12  Siege Tank  
  66  6:17  SCV  
  70  6:18  SCV  
  70  6:19  Engineering Bay  
  70  6:20  Engineering Bay  
  70  6:21  Supply Depot  
  71  6:29  SCV  
  71  6:30  SCV, Supply Depot  
  73  6:34  Viking  
  73  6:36  Viking  
  73  6:38  Marine  
  78  6:41  Stimpack, SCV  
  78  6:44  SCV  
  80  6:48  Orbital Command  
  80  6:53  SCV  
  81  6:54  Terran Infantry Weapons Level 1  
  81  6:55  Terran Infantry Armor Level 1  
  81  6:58  SCV  
  82  7:03  Siege Tank  
  82  7:05  SCV  
  86  7:10  SCV  
  86  7:11  Viking  
  86  7:14  Viking  
  92  7:15  SCV  
  92  7:17  SCV  
  92  7:22  SCV  
  91  7:27  Marauder, SCV  
  92  7:30  SCV  
  92  7:34  SCV  
  92  7:35  Siege Tank  
  90  7:39  SCV  
  90  7:41  Viking  
  90  7:42  SCV  
  90  7:44  Viking  
  96  7:47  SCV  
  96  7:49  Barracks x2  
  97  7:52  SCV  
  97  7:54  SCV  
  97  7:55  Marauder  
  101  7:59  SCV  
  101  8:01  Supply Depot  
  101  8:02  Supply Depot  
  101  8:04  SCV  
  103  8:06  SCV  
  103  8:11  Siege Tank  
  103  8:12  SCV  
  108  8:14  Viking x2  
  108  8:17  Refinery  
  108  8:19  Refinery  
  112  8:23  Armory  
  112  8:29  Marauder  
  114  8:34  SCV  
  114  8:35  SCV  
  114  8:36  SCV  
  114  8:38  Command Center  
  114  8:40  Barracks Reactor, Barracks Tech Lab  
  117  8:44  Viking x2  
  121  8:49  SCV x2  
  121  8:50  SCV, Starport  
  121  8:51  Starport  
  121  8:53  Missile Turret  
  121  8:54  Supply Depot  
  124  9:01  SCV x2  
  124  9:02  SCV  
  127  9:04  Combat Shield, Marauder x2  
  127  9:05  Factory Reactor  
  129  9:13  SCV x2  
  129  9:14  SCV  
  130  9:20  Supply Depot  
  130  9:21  Marine x2  
  130  9:22  Supply Depot  
  131  9:25  SCV x2  
  131  9:26  Marauder x2  
  131  9:27  Starport Tech Lab  
  131  9:28  Starport Reactor  
  131  9:29  Terran Ship Weapons Level 1  
  137  9:32  Terran Infantry Weapons Level 2  
  137  9:33  Armory, SCV  
  137  9:35  Refinery  
  137  9:37  Refinery, SCV  
  139  9:40  Sensor Tower, Missile Turret, SCV  
  140  9:47  Supply Depot  
  140  9:52  Viking x2  
  144  9:53  Viking  
  144  9:57  Orbital Command  
  146  10:00  SCV x3, Supply Depot  
  146  10:03  Marauder  
  146  10:04  Marine x2  
  155  10:07  Marauder  
  155  10:08  Corvid Reactor  
  155  10:12  SCV  
  156  10:15  Supply Depot x2  
  156  10:24  Marine x2  
  156  10:25  Marauder  
  160  10:31  Viking x4  
  170  10:36  Starport  
  170  10:37  Starport  
  170  10:39  Terran Vehicle And Ship Armor Level 1, Terran Infantry Armor Level 2  
  170  10:41  Viking  
  170  10:44  Command Center  
  170  10:53  Liberator x2  
  170  10:56  Fusion Core  
  170  10:58  Missile Turret  
  170  11:00  Concussive Shells, Marauder x2  
  174  11:05  Command Center  
  174  11:11  Viking  
  182  11:14  Viking  
  184  11:23  Terran Ship Weapons Level 2  
  184  11:25  Command Center  
  184  11:30  Command Center  
  184  11:32  Viking  
  185  11:41  Viking  
  185  11:43  Viking  
  185  11:44  Advanced Ballistics  
  189  12:10  Barracks x3, Starport x2  
  189  12:11  Orbital Command, Barracks, Starport  
  189  12:12  Barracks  
  189  12:18  Command Center  
  189  12:22  Command Center  
  189  12:30  Command Center  
  188  12:37  Raven  
  188  12:38  Raven  
  188  12:39  Viking x4  
  200  12:47  Orbital Command x2  
  200  12:53  Starport Tech Lab x3  
  200  12:58  Barracks Tech Lab  
  200  12:59  Barracks Tech Lab  
  200  13:00  Barracks Tech Lab  
  200  13:12  Refinery  
  200  13:16  Refinery, Missile Turret  
  200  13:18  Missile Turret  
  198  13:23  Viking x3  
  198  13:25  Viking  
  198  13:26  Viking  
  198  13:27  Viking x4  
  174  13:31  Viking  
  116  13:41  Orbital Command x2  
  156  13:48  Terran Vehicle And Ship Armor Level 2, Terran Ship Weapons Level 3  
  153  13:50  Orbital Command  
  153  13:53  Viking x2  
  153  13:55  Viking  
  159  14:00  Terran Infantry Weapons Level 3  
  159  14:04  Viking  
  161  14:11  Viking x2  
  161  14:12  Viking  
  167  14:17  Barracks Tech Lab  
  161  14:30  Viking x3  
  139  14:38  Viking  
  139  14:39  Viking x4  
  139  14:41  Viking x2  
  139  14:42  Viking  
  155  14:50  Missile Turret  
  155  15:00  Viking x3  
  161  15:08  Viking  
  161  15:11  Viking x5  
  161  15:12  Viking  
  161  15:13  Liberator  
  175  15:18  Orbital Command  
  175  15:25  Viking  
  161  15:30  Viking x2  
  161  15:32  Planetary Fortress  
  168  15:38  Refinery  
  168  15:41  Refinery  
  167  15:47  Viking x4  
  181  15:57  Missile Turret  
  180  15:58  Missile Turret  
  180  15:59  Missile Turret  
  180  16:03  Orbital Command  
  180  16:05  Command Center  
  180  16:06  Marauder x5  
  180  16:08  Marauder  
  189  16:11  Orbital Command  
  189  16:19  Terran Vehicle And Ship Armor Level 3  
  189  16:25  Terran Vehicle Weapons Level 1  
  189  16:26  Battlecruiser x2  
  186  16:51  Battlecruiser x2  
  190  17:00  Battlecruiser  
  184  17:07  Barracks Tech Lab  
  184  17:10  Refinery  
  184  17:14  Terran Infantry Armor Level 3  
  184  17:15  Hi-Sec Auto Tracking  
  180  17:26  Missile Turret  
  180  17:30  Raven x2  
  180  17:31  Command Center  
  180  17:43  Orbital Command  
  163  17:55  Battlecruiser x2  
  174  18:04  Battlecruiser  
  176  18:17  Battlecruiser  
  176  18:18  Marauder x3  
  188  18:20  Orbital Command  
  179  18:38  Viking x3  
  179  18:40  Marauder x2  
  179  18:41  Marauder  
  177  18:50  Battlecruiser  
  177  18:55  Refinery  
  179  18:56  Command Center  
  154  19:02  Viking  
  154  19:03  Viking x3  
  162  19:18  Viking  
  158  19:30  Viking x4  
  166  19:31  Marine  
  166  19:32  Marine x6  
  166  19:33  Marauder x2  
  177  19:41  Viking x2  
  175  19:50  Marauder, Missile Turret  
  164  19:53  Viking x3  
  164  19:56  Marine x5  
  164  19:57  Marauder x3  
  168  20:00  Refinery  
Show
View Real Time Build Order
Export as new Build Order

BratOK Terran - Winner!

Build Orders: Mech 

Get SALT Encoding   

  12  0:00  SCV  
  13  0:12  SCV  
  14  0:17  Supply Depot  
  14  0:25  SCV  
  15  0:30  Refinery  
  15  0:39  SCV  
  16  0:45  Barracks  
  16  0:51  SCV  
  17  1:03  SCV  
  18  1:15  SCV  
  19  1:32  Orbital Command, Reaper  
  20  1:41  Supply Depot  
  20  1:59  SCV  
  21  2:04  Reaper  
  22  2:11  SCV  
  23  2:17  Factory  
  23  2:23  SCV  
  23  2:28  Command Center  
  24  2:30  Refinery  
  24  2:36  SCV, Reaper  
  26  2:48  SCV  
  27  2:59  Bunker  
  27  3:00  Factory Tech Lab, SCV  
  28  3:05  Supply Depot  
  28  3:08  Marine  
  28  3:12  SCV  
  30  3:24  SCV  
  31  3:27  Marine, Cyclone  
  35  3:35  Starport  
  35  3:39  SCV  
  36  3:41  Orbital Command  
  36  3:46  Barracks Tech Lab  
  36  3:50  Refinery  
  36  3:51  SCV  
  37  3:59  Cyclone  
  40  4:03  SCV  
  40  4:07  SCV  
  42  4:16  SCV  
  43  4:18  Command Center  
  43  4:21  SCV  
  43  4:22  Raven  
  46  4:28  SCV  
  47  4:33  Refinery  
  47  4:35  Supply Depot  
  47  4:38  Siege Tank  
  50  4:39  SCV  
  50  4:40  SCV  
  52  4:45  Barracks Reactor  
  52  4:51  SCV  
  52  4:52  SCV, Supply Depot  
  54  5:03  SCV  
  54  5:04  SCV  
  54  5:05  Raven  
  57  5:15  Supply Depot  
  57  5:16  SCV  
  57  5:19  SCV  
  59  5:28  Siege Tank, SCV  
  62  5:32  SCV  
  60  5:40  SCV  
  61  5:44  SCV, Supply Depot  
  61  5:45  Orbital Command  
  62  5:52  SCV  
  63  5:59  Viking x2  
  63  6:00  Siege Tank  
  63  6:02  Barracks Reactor, Factory  
  70  6:05  SCV  
  70  6:07  Orbital Command, SCV  
  72  6:11  Command Center  
  72  6:17  SCV  
  73  6:19  SCV  
  73  6:21  Engineering Bay  
  73  6:24  Factory  
  74  6:28  Refinery  
  74  6:29  Viking  
  74  6:30  SCV  
  74  6:31  Viking, SCV  
  80  6:33  SCV  
  81  6:42  SCV  
  81  6:43  SCV  
  81  6:45  SCV  
  84  6:47  Supply Depot  
  84  6:49  Siege Tank, Supply Depot  
  84  6:54  SCV  
  88  6:55  SCV, Hellion x2  
  88  6:57  SCV  
  88  6:59  Armory  
  94  7:03  Armory  
  94  7:06  SCV  
  94  7:07  Refinery, SCV  
  96  7:09  SCV  
  96  7:11  Viking  
  99  7:17  Supply Depot  
  99  7:18  SCV, Supply Depot  
  99  7:19  SCV  
  98  7:31  SCV  
  98  7:32  Siege Tank  
  98  7:35  SCV x2  
  102  7:41  Siege Tank  
  102  7:42  Hellion x2  
  102  7:43  Supply Depot  
  110  7:46  Orbital Command, Supply Depot  
  109  7:51  Terran Vehicle And Ship Armor Level 1, Terran Vehicle Weapons Level 1  
  109  7:52  Viking x2  
  109  7:54  SCV x2  
  115  8:04  Missile Turret  
  115  8:05  SCV, Missile Turret  
  116  8:07  Missile Turret  
  116  8:09  Missile Turret  
  116  8:10  Siege Tank  
  116  8:11  Orbital Command  
  119  8:13  Siege Tank  
  119  8:14  SCV x2  
  119  8:18  Hellion x2  
  128  8:26  Viking x2  
  131  8:32  SCV x3  
  131  8:34  Sensor Tower, Missile Turret  
  134  8:37  SCV  
  135  8:43  Missile Turret  
  135  8:44  SCV x3  
  135  8:46  Barracks Reactor, Factory  
  138  8:48  Factory  
  138  8:49  SCV  
  138  8:55  Supply Depot  
  139  8:56  SCV x3  
  139  8:57  Supply Depot  
  139  8:58  Viking  
  139  9:01  SCV  
  145  9:05  Missile Turret  
  145  9:08  SCV  
  143  9:10  Siege Tank x2, Viking  
  143  9:15  SCV  
  143  9:17  SCV, Supply Depot  
  153  9:18  Refinery x2, Supply Depot  
  153  9:19  Infernal Pre-Igniter  
  153  9:24  Liberator x2  
  153  9:27  Hellion x2  
  157  9:32  Factory Tech Lab  
  157  9:33  Starport x2  
  157  9:40  Barracks Reactor  
  163  9:53  Missile Turret  
  163  9:54  Missile Turret  
  163  9:56  Missile Turret  
  163  10:00  Missile Turret  
  163  10:05  Terran Vehicle And Ship Armor Level 2  
  163  10:06  Terran Ship Weapons Level 1  
  86  10:07  Liberator x2, Missile Turret  
  163  10:08  Supply Depot  
  163  10:10  Supply Depot  
  163  10:18  Starport Tech Lab  
  163  10:19  Command Center  
  161  10:35  Command Center  
  161  10:36  Command Center  
  161  10:40  Viking x3  
  167  10:55  Drilling Claws, Mag-Field Accelerator  
  169  10:57  Widow Mine x4, Command Center  
  169  10:59  Hi-Sec Auto Tracking  
  169  11:00  Liberator x2  
  169  11:02  Refinery  
  175  11:04  Command Center  
  175  11:06  Command Center  
  175  11:07  Viking, Refinery  
  175  11:09  Viking, Missile Turret  
  175  11:10  Viking  
  181  11:13  Missile Turret  
  181  11:16  Missile Turret  
  187  11:31  Planetary Fortress  
  187  11:32  Factory  
  187  11:33  Factory  
  187  11:37  Factory  
  185  11:43  Viking x3  
  188  11:54  Planetary Fortress  
  188  12:00  Viking x2  
  192  12:03  Terran Ship Weapons Level 2  
  188  12:10  Orbital Command  
  188  12:11  Orbital Command  
  188  12:13  Viking  
  190  12:16  Missile Turret  
  190  12:18  Orbital Command x2, Missile Turret  
  190  12:20  Factory Tech Lab x2  
  190  12:21  Factory Reactor  
  190  12:24  Terran Vehicle And Ship Armor Level 3  
  190  12:33  Neosteel Armor  
  190  12:34  Starport  
  190  12:36  Starport  
  190  12:41  Raven  
  190  12:43  Smart Servos  
  192  12:45  Viking x2  
  193  12:59  Command Center  
  193  13:05  Liberator x3  
  189  13:06  Liberator  
  189  13:07  Fusion Core  
  189  13:12  Liberator  
  168  13:28  Viking x2  
  157  13:37  Command Center  
  155  13:41  Siege Tank  
  155  13:42  Siege Tank x2, Hellion  
  155  13:43  Hellion  
  155  13:48  Siege Tank, Hellion x2  
  172  13:59  Advanced Ballistics  
  172  14:05  Siege Tank, Hellion  
  172  14:06  Hellion x2  
  181  14:11  Planetary Fortress  
  181  14:14  Siege Tank x2  
  181  14:15  Refinery  
  187  14:18  Siege Tank  
  187  14:19  Terran Vehicle Weapons Level 2, Hellion x2  
  184  14:28  Viking x3  
  176  14:33  Viking x2  
  174  14:39  Cyclone x2  
  180  14:50  Siege Tank  
  180  14:51  Siege Tank, Hellion x4  
  180  14:52  Hellion  
  196  15:03  Missile Turret  
  196  15:04  Missile Turret  
  196  15:06  Viking x2  
  200  15:22  Viking x3  
  200  15:23  Viking  
  200  15:25  Viking  
  192  15:36  Viking x2, Liberator  
  192  15:42  Command Center  
  195  15:46  Terran Ship Weapons Level 3  
  189  15:50  Hellion x5  
  189  15:52  Viking x3  
  198  15:57  Viking  
  198  16:01  Refinery  
  198  16:03  Refinery  
  200  16:04  Missile Turret  
  200  16:24  Starport Tech Lab  
  192  16:35  Viking x3  
  192  16:36  Viking x3  
  194  16:40  Command Center  
  194  16:43  Viking  
  194  16:51  Planetary Fortress  
  181  17:04  Missile Turret  
  181  17:05  Viking x4  
  181  17:06  Viking x2, Missile Turret  
  181  17:07  Missile Turret  
  193  17:10  Missile Turret, Cyclone x2  
  199  17:19  Orbital Command  
  194  17:34  Viking  
  194  17:35  Orbital Command, Viking x3, Missile Turret  
  194  17:36  Missile Turret  
  196  17:45  Cyclone  
  169  18:06  Cyclone x2  
  169  18:07  Missile Turret x2, Hellion x2  
  169  18:09  Viking x7  
  181  18:22  Liberator x3  
  175  18:31  Refinery  
  175  18:34  Command Center  
  175  18:36  Refinery  
  175  18:39  Viking x4  
  169  19:00  Cyclone x2  
  169  19:01  Hellion x4  
  172  19:09  Viking x3, Missile Turret  
  174  19:10  Missile Turret  
  174  19:11  Viking  
  174  19:12  Cyclone x3  
  174  19:13  SCV, Hellion  
  174  19:14  SCV  
  185  19:22  Viking x3, SCV x4  
  195  19:28  Missile Turret  
  193  19:32  Cyclone  
  196  19:39  Viking  
  196  19:40  Viking  
  196  19:41  Viking  
  196  19:44  Cyclone  
  196  19:45  Hellion  
  198  19:46  Viking  
  194  19:57  Cyclone x2  
  192  20:08  Hellion  
Tags
 
Add a new tag
Caveats
  • Supply blocks, unpowered buildings, or Contaminate may cause inaccurate times.
  • Supply counts are checked every 10 seconds.